 Dungeon Crawl Stone Soup version 0.29-a0-1027-gcd8c55af63 (webtiles) character file.

Game seed: 7134500820997596829

336 Manisian the Magician (level 6, -1/33 HPs)
             Began as a Gargoyle Earth Elementalist on Aug 12, 2022.
             Slain by an ogre
             ... wielding a +0 giant club
              (25 damage)
             ... on level 4 of the Dungeon.
             The game lasted 00:09:07 (4225 turns).

Manisian the Magician (Gargoyle Earth Elementalist) Turns: 4225, Time: 00:09:07

Health: -1/33      AC: 13    Str: 12    XL:     6   Next: 54%
Magic:  12/14      EV: 12    Int: 17    God:
Gold:   331        SH:  0    Dex: 10    Spells: 14/16 levels left

rFire   . . .      SeeInvis .   g - +2 short sword (drain)
rCold   . . .      Faith    .   (no shield)
rNeg    + . .      Spirit   .   a - +0 robe
rPois   ∞          Reflect  .   (no helmet)
rElec   +          Harm     .   j - +2 cloak
rCorr   .          Rampage  .   (no gloves)
Will    .....                   (no boots)
Stlth   ++........              (no amulet)
HPRegen 0.11/turn               l - ring of wizardry
MPRegen 0.14/turn               m - +4 ring of protection

@: no status effects
A: sickness immunity, AC +4, negative energy resistance 1, electricity
resistance, torment resistance 1, petrification resistance
a: no special abilities


You were on level 4 of the Dungeon.
You visited 1 branch of the dungeon, and saw 4 of its levels.
You also visited: Sewer.

You collected 331 gold pieces.

Inventory:

Hand Weapons
 c - a +0 dagger
 g - a +2 short sword of draining (weapon)
Missiles
 i - 46 stones
 q - 2 poisoned darts
Armour
 a - a +0 robe (worn)
 j - a +2 cloak (worn)
Jewellery
 l - a ring of wizardry (left hand)
 m - a +4 ring of protection (right hand)
Scrolls
 p - a scroll of amnesia
 s - a scroll of silence {unknown}
Potions
 b - a potion of magic
 d - 2 potions of berserk rage
 e - a potion of haste {unknown}
 f - 2 potions of heal wounds
 h - a potion of invisibility {unknown}
 k - 2 potions of flight {unknown}
 n - a potion of might {unknown}
 o - a potion of attraction {unknown}
 r - a potion of cancellation {unknown}
 t - a potion of curing {unknown}


   Skills:
 + Level 0.4 Fighting
 - Level 1.0 Short Blades
 + Level 2.3 Dodging
 - Level 2.2 Stealth
 + Level 5.5 Spellcasting
 + Level 0.8 Transmutations
 - Level 4.0 Earth Magic


You had 14 spell levels left.
You knew the following spells:

 Your Spells              Type           Power      Damage    Failure   Level
a - Sandblast             Erth           36%        2d10      1%          1
b - Slow                  Hex            16%        N/A       6%          1

Your spell library contained the following spells:

 Spells                   Type           Power      Damage    Failure   Level
 Passwall                 Tmut/Erth      10%        N/A       3%          2
 Stone Arrow              Conj/Erth      22%        3d8       8%          3
 Confusing Touch          Hex            4%         N/A       16%         3
 Inner Flame              Hex/Fire       4%         N/A       16%         3
 Vampiric Draining        Necr           4%         2d6       16%         3
 Petrify                  Tmut/Erth      12%        N/A       21%         4
 Animate Dead             Necr           4%         N/A       45%         4
 Cause Fear               Hex            2%         N/A       45%         4
 Haunt                    Necr/Summ      2%         N/A       100%        7
 Discord                  Hex            2%         N/A       100%        8
 Infestation              Necr           2%         N/A       100%        8


Dungeon Overview and Level Annotations

Branches:
Dungeon (4/15)              Sewer (visited)
 Temple: D:4-7

Altars:


Innate Abilities, Weirdness & Mutations

You are immune to sickness and miasma.
Your stone body is resilient. (AC +4)
You are immune to poison.
You resist negative energy. (rN+)
You are resistant to electric shocks. (rElec)
You are resistant to unholy torment.
You are immune to petrification.


Message History

Press: ? - help, Shift-Dir - straight line, f/p - adder
Aim: an adder (heavily wounded, 70% to hit)
The blast of sand hits the adder!
You kill the adder!
Magic restored.
You see here a +0 leather armour.
You open the door.
There is an open door here.
There is an open door here.
You see here a +0 leather armour.
There is an open door here.
There is an escape hatch in the ceiling here.
You see here a +0 ring mail.
There is an open door here.
An ogre comes into view. It is wielding a +0 giant club.
Found a ring mail.
The ogre shouts!
Casting: Sandblast (safe; 1% risk of failure)
Confirm with . or Enter, or press ? or * to list all spells.
Aiming: Sandblast (safe; 1% risk of failure)
Press: ? - help, Shift-Dir - straight line, f - ogre
Aim: an ogre, wielding a +0 giant club (91% to hit)
The blast of sand hits the ogre!!
The ogre is heavily wounded.
Casting: Sandblast (safe; 1% risk of failure)
Confirm with . or Enter, or press ? or * to list all spells.
Aiming: Sandblast (safe; 1% risk of failure)
Press: ? - help, Shift-Dir - straight line, f/p - ogre
Aim: an ogre, wielding a +0 giant club (heavily wounded, 91% to hit)
The blast of sand hits the ogre!
The ogre is almost dead.
The ogre hits you with a +0 giant club! The ogre misses you.
You hit the ogre.
The ogre is almost dead.
You barely miss the ogre.
The ogre is almost dead.
An endoplasm comes into view.
The ogre hits you with a +0 giant club!!
Ouch! That really hurt!
You die...

#...........# # ##J
#...........#####
..
#..............##
[.
###########....##
.## #.....'. ..
#.....## #.
#.....##
#O##########.....##
#.@..............##
#.#...#.#.#......##
#.##.#######.....##
#. #..# #......##
#. #.## ##.....##
#. #.# ##.....## #.
... #......## #.
..# ##.....# ..#
##...###


You could see an ogre and an endoplasm (wandering).

Vanquished Creatures
  Pargi (Sewer)
  An orc priest (D:3)
  An iguana (D:2)
  4 gnolls (D:2)
  5 adders
  An ufetubus (D:4)
  A worm (D:2)
  7 orcs
  3 ball pythons
  4 endoplasms
  6 giant cockroaches
  5 goblins
  8 hobgoblins
  10 jackals
  5 quokkas
  6 bats
  3 frilled lizards
  6 kobolds
  5 rats
82 creatures vanquished.

Notes
Turn   | Place    | Note
-------+----------+-------------------------------------------
     0 | D:1      | Manisian the Gargoyle Earth Elementalist began the quest
                  | for the Orb.
     0 | D:1      | Reached XP level 1. HP: 10/10 MP: 3/3
   208 | D:1      | Reached XP level 2. HP: 15/15 MP: 3/5
   491 | D:1      | Found a faded altar of an unknown god.
  1021 | D:2      | Reached skill level 3 in Spellcasting
  1021 | D:2      | Reached XP level 3. HP: 9/19 MP: 2/7
  1240 | D:2      | Reached XP level 4. HP: 24/24 MP: 5/8
  2260 | D:2      | Reached skill level 4 in Spellcasting
  2261 | D:2      | Reached XP level 5. HP: 28/28 MP: 6/11
  2713 | D:3      | Found a glowing drain.
  2759 | Sewer    | Entered a sewer
  2842 | Sewer    | Noticed Pargi
  2850 | Sewer    | Killed Pargi
  2851 | Sewer    | Reached skill level 1 in Short Blades
  2851 | Sewer    | Reached skill level 5 in Spellcasting
  2851 | Sewer    | Reached XP level 6. HP: 24/33 MP: 8/13
  2878 | Sewer    | Learned a level 1 spell: Slow
  4225 | D:4      | Slain by an ogre

Illustrated notes

Levels and vault maps discovered:
D:1:      dpeg_arrival_short_road, layout_loops_ring,
          ebering_ecumenical_altar_sacrificial
D:2:      layout_basic, nicolae_eternal_life, hex_intersection,
          hangedman_decor_riveting
D:3:      layout_loops_corners, gup_sewer_entry_pipe
D:4:      layout_basic, nemelex_dance_club_becter, minmay_manual_macuahuitl

Skill      XL: |  1  2  3  4  5 |
---------------+----------------+-----
Earth Magic    | 4 |  4.0
Dodging        | 2 |  2.3
Spellcasting   | 3 4 5 |  5.5
Short Blades   | 1 |  1.0
Fighting       | |  0.4
Stealth        | |  2.2
Transmutations | |  0.8

Action                   |  1- 3 |  4- 6 || total
-------------------------+-------+-------++-------
Melee: Dagger            |     3 |       ||     3
       Short sword       |     2 |    46 ||    48
       Punch             |     1 |     1 ||     2
 Cast: Sandblast         |    29 |    90 ||   119
  Use: Scroll            |     3 |     3 ||     6
Armor: Robe              |     3 |    48 ||    51
Dodge: Dodged            |    12 |    80 ||    92

Table legend: (Time is in decaauts)
 A = Elapsed time spent in this place.
 B = Non-inter-level travel time spent in this place.
 C = Inter-level travel time spent in this place.
 D = Time resting spent in this place.
 E = Time spent auto-exploring this place.
 F = Levels seen in this place.
 G = Mean time per level.
                   A        B        C        D        E       F      G
               +--------+--------+--------+--------+--------+-----+--------+
         Total |   4354 |   4216 |    138 |    355 |   2828 |   5 |  870.8 |
       Dungeon |   4159 |   4021 |    138 |    355 |   2698 |   4 | 1039.8 |
         Sewer |    195 |    195 |      0 |      0 |    130 |   1 |  195.0 |
               +--------+--------+--------+--------+--------+-----+--------+

Top non-repeatable levels by time:
     D:2: 1338 daAuts
     D:1: 1196 daAuts
     D:3: 1179 daAuts
     D:4: 444 daAuts
   Sewer: 195 daAuts
